 Dungeon Crawl Stone Soup version 0.32-a0-612-g1c984fe9d1 (webtiles) character file.

Game seed: 11959895867545879597

57824 retardedninja the Severer (level 14, -5/132 HPs)
             Began as a Mountain Dwarf Fighter on Feb 29, 2024.
             Was the Champion of Cheibriados.
             Killed from afar by an ice dragon (28 damage)
             ... with a blast of cold
             ... on level 5 of the Lair of Beasts on Mar 4, 2024.
             The game lasted 00:40:46 (24044 turns).

retardedninja the Severer (Mountain Dwarf Fighter) Turns: 24044, Time: 00:40:46

Health: -5/132     AC: 35    Str: 44    XL:     14   Next: 47%
Magic:  22/23      EV:  9    Int: 29    God:    Cheibriados [******]
Gold:   2045       SH:  9    Dex: 30    Spells: 25/25 levels left

rFire   . . .        d - +0 broad axe (elec)
rCold   . . .        c - +0 buckler
rNeg    . . .        L - +8 plate armour of Vosu {Int+4 SInv}
rPois   .            t - +0 helmet
rElec   .            z - +2 cloak
rCorr   .            x - +0 pair of gloves
SInv    +            y - +2 pair of boots
Will    +....        (no amulet) Stlth
                     b - +6 ring of dexterity
HPRegen 0.42/turn    u - +6 ring of strength
MPRegen 0.18/turn

%: no passive effects
@: about to teleport, very slow
A: runic magic, artefact enchanting, iridescent scales 1, evolution 1
a: Renounce Religion, Bend Time, Temporal Distortion, Slouch, Step From Time


You were on level 5 of the Lair of Beasts.
You worshipped Cheibriados.
Cheibriados was exalted by your worship.
You visited 3 branches of the dungeon, and saw 17 of its levels.

You collected 2207 gold pieces.
You spent 162 gold pieces at shops.

Inventory:

Hand Weapons
 d - a +0 broad axe of electrocution (weapon)
Missiles
 f - a throwing net (quivered)
Armour
 c - a +0 buckler (worn)
 t - a +0 helmet (worn)
 x - a +0 pair of gloves (worn)
 y - a +2 pair of boots (worn)
 z - a +2 cloak (worn)
 D - a +2 chain mail of willpower
 L - the +8 plate armour of Vosu (worn) {Int+4 SInv}
   (You acquired it on level 2 of the Lair of Beasts)

   Int+4:     It affects your intelligence (+4).
   SInv:      It lets you see invisible.
 M - a +0 plate armour
Jewellery
 b - a +6 ring of dexterity (left hand)
 g - a +6 ring of intelligence
 i - a ring of magical power
 o - a ring of protection from fire
 u - a +6 ring of strength (right hand)
 C - a +5 ring of evasion
 F - a +6 ring of dexterity
Talismans
 N - the maw talisman "Guscham" {rC+}
   (You found it on level 3 of the Lair of Beasts)

   [maw talisman]

   rC+:       It protects you from cold.
Wands
 e - a wand of polymorph (6)
 m - a wand of flame (15)
 n - a wand of digging (7)
 H - a wand of mindburst (3)
 K - a wand of paralysis (21)
Scrolls
 l - 6 scrolls of teleportation
 p - a scroll of vulnerability
 q - a scroll of revelation
 v - a scroll of amnesia
 w - a scroll of silence
 A - a scroll of enchant weapon
 B - a scroll of torment
 I - 4 scrolls of fog
 J - a scroll of fear
Potions
 a - a potion of cancellation
 h - a potion of ambrosia
 j - 2 potions of magic
 k - 2 potions of enlightenment
 r - a potion of curing
 s - a potion of degeneration
 E - a potion of haste
 G - a potion of attraction {unknown}
Miscellaneous
 O - a phantom mirror (inert)


   Skills:
 + Level 14.3 Fighting
 + Level 15.3 Axes
 + Level 12.3 Armour
 + Level 12.2 Shields
 + Level 6.4 Spellcasting
 + Level 7.0 Conjurations


You had 25 spell levels left.
You didn't know any spells.
Your spell library contained the following spells:

 Spells                   Type           Power      Damage    Failure   Level
 Kiss of Death            Conj/Necr      100%       2d13      1%          1
 Magic Dart               Conj           100%       1d8       1%          1
 Shock                    Conj/Air       100%       1d9       1%          1
 Hailstorm                Conj/Ice       29%        3d8       5%          3
 Freeze                   Ice            36%        1d5       8%          1
 Sandblast                Erth           18%        2d7       8%          1
 Slow                     Hex            36%        N/A       8%          1
 Mephitic Cloud           Conj/Alch/Air  22%        N/A       9%          3
 Blink                    Tloc           18%        N/A       12%         2
 Call Imp                 Summ           18%        N/A       12%         2
 Mercury Vapours          Alch/Air       18%        N/A       12%         2
 Frozen Ramparts          Ice            18%        1d3       24%         3
 Ozocubu's Armour         Ice            9%         N/A       24%         3
 Swiftness                Air            9%         N/A       24%         3
 Airstrike                Air            4%         2d(1-17)  61%         4
 Animate Armour           Summ/Erth      18%        N/A       61%         4
 Leda's Liquefaction      Alch/Erth      4%         N/A       61%         4
 Freezing Cloud           Conj/Ice/Air   11%        6-21      63%         5
 Lee's Rapid Deconstruct  Erth           4%         3d5*      91%         5
 Metabolic Englaciation   Hex/Ice        4%         N/A       91%         5
 Bombard                  Conj/Erth      14%        9d3       96%         6
 Sculpt Simulacrum        Ice/Alch       4%         N/A       100%        6
 Borgnjor's Revivificati  Necr           4%         N/A       100%        8
 Infestation              Necr           4%         N/A       100%        8


Dungeon Overview and Level Annotations

Branches:
Dungeon (11/15)            Temple (1/1) D:6            Lair (5/5) D:9
  Swamp (0/4) Lair:3        Snake (0/4) Lair:2        Slime (0/5) Lair:5
    Orc: D:9-12

Altars:
Ashenzari
Cheibriados
Dithmenos
Elyvilon
Fedhas
Gozag
Hepliaklqana
Kikubaaqudgha
Makhleb
Nemelex Xobeh
Okawaru
Qazlal
Ru
Sif Muna
Trog
Uskayaw
Vehumet
Wu Jian
Xom
Yredelemnul
Zin
The Shining One
Jiyva

Shops:
D:2 *!   D:4 [   D:8 ?

Annotations:
Lair:1 3 runed translucent doors, Tollund's ghost, journeyman DrSh; retardedninja's ghost, journeyman MDFi


Innate Abilities, Weirdness & Mutations

Your spellcasting is much less encumbered by armour.
You can use scrolls of enchantment on lesser artefacts.
You are partially covered in iridescent scales. (AC +2)
You have hidden genetic potential.


Message History

Your unstable footing causes you to fumble your attack.
You feel sick.
Your ice dragon bites the ice dragon.
Your ice dragon misses the ice dragon.
Your ice dragon tramples the ice dragon.
The ice dragon holds its ground!
The ice dragon bites you but does no damage.
You block the ice dragon's attack. x2
You barely miss the ice dragon.
The ice dragon is heavily wounded.
You feel sick.
Your ice dragon breathes frost at the ice dragon.
The blast of cold hits the ice dragon.
The ice dragon resists.
The ice dragon is engulfed in freezing vapours.
The ice dragon breathes frost at you. The blast of cold misses you.
You slice the ice dragon!!
The ice dragon is severely wounded.
You are engulfed in freezing vapours.
Your ice dragon shimmers and vanishes!
The ice dragon is engulfed in freezing vapours.
The ice dragon breathes frost at you. The blast of cold hits you!!
* * * LOW HITPOINT WARNING * * *
As you read the scroll of teleportation, it crumbles to dust.
You feel strangely unstable.
You are engulfed in freezing vapours.
* * * LOW HITPOINT WARNING * * *
You feel sick. You block the ice dragon's attack.
The ice dragon claws you but does no damage.
The ice dragon tramples you but does no damage.
You feel better.
You are engulfed in freezing vapours.
* * * LOW HITPOINT WARNING * * *
The ice dragon closely misses you.
The ice dragon claws you but does no damage.
You block the ice dragon's attack.
You hit the ice dragon but do no damage.
The ice dragon is severely wounded.
The ice dragon breathes frost at you. The blast of cold hits you!!
You die...
Cheibriados appreciates the motionlessness of death.

#......................
##.............<.......
#.....................
##...............†.÷..
##########.......÷÷..
♣♣♣♣♣♣♣♣ ###....~÷#..
♣♣....~.♣♣ ♣♣♣.~♣♣#..
♣...~≈≈~.♣♣♣♣.♣♣♣÷♣♣
#..
♣..~≈≈D@..♣...♣♣.÷♣♣
#..
♣≈.~~.♣♣~~.♣♣..♣♣♣~.♣
#..
♣.~.~.~♣♣♣~..♣..♣.≈.♣
#..
♣~≈≈~D♣♣..~..♣..♣~~♣♣
#..
♣~≈≈≈~.♣♣~≈♣.♣♣♣≈†..♣
#.. ♣~≈≈≈D.
♣♣~≈..♣♣~..♣♣ #..
♣.≈≈~.~. ♣..≈♣♣.~♣..♣
#.. ♣♣.≈≈≈~♣♣.♣♣ #..
♣♣..~)...♣ #..


You could see an ice dragon (catching breath).

Vanquished Creatures
  Gastronok (Lair:1)
  A hydra (Lair:3)
  4 catoblepae
  A ghost crab (Lair:3)
  A two-headed ogre (D:10)
  Urug (Lair:3)
  2 death yaks
  A skyshark (Lair:3)
  A spectral death yak (Lair:3)
  Amaemon (Lair:2)
  A lindwurm (Lair:4)
  A swamp dragon (Lair:5)
  2 wolf spiders (Lair:5)
  6 elephants (Lair:4)
  8 black mambas
  An orange demon (Lair:3)
  A guardian serpent (Lair:5)
  A gargoyle (D:10)
  A torpor snail (Lair:1)
  28 cane toads
  11 komodo dragons
  10 rime drakes
  2 trolls
  4 polar bears
  3 hornets
  37 blink frogs
  A wraith (D:10)
  A shadow (D:10)
  A vampire (D:10)
  40 yaks
  11 wyverns
  7 basilisks
  3 steam dragons
  A redback (Lair:5)
  3 nagas (Lair:2)
  4 acid dragons
  Duvessa (D:7)
  A spectral polar bear (Lair:3)
  31 water moccasins
  A swamp drake (Lair:5)
  4 ice beasts
  2 black bears
  2 orc warriors (D:8)
  A sky beast (D:5)
  10 wolves
  2 centaurs
  8 bullfrogs
  A gnoll sergeant (D:9)
  6 scorpions
  9 wights
  Dowan (D:7)
  9 killer bees
  7 electric eels
  5 howler monkeys
  3 jellies (Lair:5)
  2 bombardier beetles (D:3)
  5 orc priests
  9 hounds
  2 sleepcaps (D:6)
  Terence (D:2)
  2 iguanas (Lair:5)
  7 orc wizards
  4 adders
  3 gnolls (D:9)
  A shadow imp (D:7)
  A white imp (D:6)
  3 dart slugs
  4 ribbon worms
  15 orcs
  4 bats
  11 endoplasms
  6 giant cockroaches
  5 goblins
  3 hobgoblins
  7 quokkas
  5 ball pythons
  2 frilled lizards
  8 kobolds
  6 rats
  A spectral kobold (D:7)
424 creatures vanquished.

Vanquished Creatures (collateral kills)
  A hydra (Lair:5)
  A wolf (Lair:3)
2 creatures vanquished.

Vanquished Creatures (others)
  Psyche (D:9)
1 creature vanquished.

Grand Total: 427 creatures vanquished

Notes
Turn   | Place    | Note
-------+----------+-------------------------------------------
     0 | D:1      | retardedninja the Mountain Dwarf Fighter began the quest
                  | for the Orb.
     0 | D:1      | Reached XP level 1. HP: 19/19 MP: 1/1
   323 | D:1      | Reached XP level 2. HP: 26/26 MP: 2/2
   759 | D:1      | Reached skill level 3 in Axes
   827 | D:1      | Reached XP level 3. HP: 26/31 MP: 3/3
  1005 | D:2      | Found Kes Huoxkenn's Assorted Antiques.
  1369 | D:2      | Found a transporter.
  1371 | D:2      | Found Rodaynoi's Distillery.
  1409 | D:2      | Found a transporter.
  1428 | D:2      | Noticed Terence
  1435 | D:2      | Killed Terence
  1436 | D:2      | Reached XP level 4. HP: 24/40 MP: 4/4
  2022 | D:3      | Reached XP level 5. HP: 45/46 MP: 5/5
  2092 | D:3      | Reached skill level 4 in Axes
  2384 | D:3      | Found a snail-covered altar of Cheibriados.
  2406 | D:3      | Became a worshipper of Cheibriados the Contemplative
  3034 | D:4      | Identified the +1 sling "Loganiq" {flame, rC+}
  3148 | D:4      | Found Kupar's Armour Emporium.
  3157 | D:4      | Bought a +0 pair of gloves for 54 gold pieces
  3157 | D:4      | Bought a +0 pair of boots for 54 gold pieces
  3157 | D:4      | Bought a +0 cloak for 54 gold pieces
  3423 | D:5      | Entered Level 5 of the Dungeon
  3456 | D:5      | Reached XP level 6. HP: 33/55 MP: 6/6
  3541 | D:5      | Found a hide-covered altar of Uskayaw.
  3723 | D:5      | Reached skill level 5 in Fighting
  3819 | D:5      | Reached skill level 5 in Axes
  3819 | D:5      | Reached skill level 5 in Armour
  3930 | D:6      | Reached skill level 5 in Shields
  3930 | D:6      | Reached XP level 7. HP: 61/61 MP: 7/7
  3955 | D:6      | Reached * piety under Cheibriados
  3956 | D:6      | Reached skill level 6 in Axes
  4442 | D:5      | Reached XP level 8. HP: 53/71 MP: 8/8
  4975 | D:6      | Reached skill level 7 in Axes
  5169 | D:6      | Found a staircase to the Ecumenical Temple.
  5214 | Temple   | Entered the Ecumenical Temple
  5452 | D:6      | Identified the +10 whip of Sin {antimagic, Str+5 Stlth+}
  5790 | D:7      | Reached skill level 8 in Axes
  6038 | D:7      | Reached XP level 9. HP: 74/81 MP: 9/9
  6220 | D:7      | Noticed Dowan
  6221 | D:7      | Noticed Duvessa
  6226 | D:7      | Reached ** piety under Cheibriados
  6238 | D:7      | Killed Dowan
  6239 | D:7      | Killed Duvessa
  6337 | D:7      | Found a hazy altar of Hepliaklqana.
  6608 | D:8      | Found Zironkum's Magic Scroll Boutique.
  6616 | D:8      | Reached skill level 9 in Axes
  6867 | D:8      | Reached *** piety under Cheibriados
  7009 | D:8      | Found a broken altar of Ashenzari.
  7010 | D:8      | Found an ornate altar of the Wu Jian Council.
  7047 | D:8      | Found an iron altar of Okawaru.
  7369 | D:8      | Paralysed by a hornet for 1 turns
  8366 | D:9      | Noticed Psyche
  8373 | D:9      | Killed Psyche
  8380 | D:9      | Reached skill level 10 in Axes
  8893 | D:9      | Noticed a troll
  8909 | D:9      | Killed a troll
  8910 | D:9      | Reached XP level 10. HP: 49/92 MP: 10/10
  9726 | D:9      | Reached skill level 10 in Fighting
  9744 | D:9      | Identified a scroll of acquirement
  9744 | D:9      | Acquired 1082 gold pieces
  9899 | D:9      | Reached **** piety under Cheibriados
 10177 | D:9      | Found a staircase to the Lair.
 10820 | D:10     | Entered Level 10 of the Dungeon
 10825 | D:10     | Reached skill level 11 in Axes
 10973 | D:10     | Noticed a two-headed ogre
 10981 | D:10     | Killed a two-headed ogre
 11237 | D:10     | Noticed a gargoyle
 11241 | D:10     | Killed a gargoyle
 11397 | D:10     | Found a shimmering blue altar of Sif Muna.
 11408 | D:10     | Got Sif Muna's Papyrus of Erosion
 11410 | D:10     | Got Sif Muna's Incunable of Doom
 11412 | D:10     | Got Sif Muna's Anthology of Carrion
 11716 | D:10     | Found a basalt altar of Yredelemnul.
 11718 | D:10     | Found a glowing golden altar of the Shining One.
 11726 | D:10     | Reached XP level 11. HP: 81/102 MP: 11/11
 11728 | D:10     | Noticed a profane servitor
 11796 | D:10     | Noticed an angel
 11854 | D:11     | Noticed a two-headed ogre
 11921 | Lair:1   | Entered Level 1 of the Lair of Beasts
 11921 | Lair:1   | Noticed Gastronok
 11932 | Lair:1   | Killed Gastronok
 11933 | Lair:1   | Reached skill level 12 in Axes
 12304 | Lair:1   | Noticed a death yak
 12321 | D:9      | Killed a death yak
 12813 | Lair:1   | Noticed a catoblepas
 12851 | Lair:1   | Reached skill level 1 in Conjurations
 13078 | Lair:1   | Reached skill level 1 in Spellcasting
 13221 | Lair:1   | Killed a catoblepas
 13682 | Lair:1   | Found a runed translucent gate.
 13683 | Lair:1   | Found a runed translucent gate.
 13683 | Lair:1   | Found a runed translucent gate.
 13778 | Lair:1   | Noticed a death yak
 13787 | Lair:1   | Killed a death yak
 14161 | Lair:1   | Noticed Tollund's ghost (journeyman DrSh)
 14161 | Lair:1   | Noticed retardedninja's ghost (journeyman MDFi)
 14724 | Lair:1   | Reached ***** piety under Cheibriados
 15145 | Lair:1   | Reached skill level 13 in Axes
 15343 | Lair:2   | Reached XP level 12. HP: 107/112 MP: 15/15
 16419 | Lair:2   | You fall into a shaft and drop 1 floor!
 16461 | Lair:3   | Noticed Urug
 16470 | Lair:3   | Killed Urug
 16774 | Lair:2   | Reached skill level 10 in Armour
 16774 | Lair:2   | Reached skill level 10 in Shields
 16987 | Lair:2   | Found a staircase to the Snake Pit.
 17083 | Lair:2   | Upgraded the game from 0.32-a0-560-g4c7f4391e0 to
                  | 0.32-a0-607-g64ea0e4219
 17212 | Lair:2   | Upgraded the game from 0.32-a0-607-g64ea0e4219 to
                  | 0.32-a0-612-g1c984fe9d1
 17581 | Lair:3   | Noticed Amaemon
 17871 | Lair:2   | Killed Amaemon
 18090 | Lair:3   | Identified the maw talisman "Guscham" {rC+}
 18208 | Lair:3   | Reached ****** piety under Cheibriados
 18483 | Lair:3   | Found a staircase to the Swamp.
 18483 | Lair:3   | Noticed a ghost crab
 18490 | Lair:3   | Killed a ghost crab
 18955 | Lair:2   | Acquired the +8 plate armour of Vosu {Int+4 SInv}
 19272 | Lair:4   | Got Sif Muna's Discourse on Sepulchral Terrain
 19276 | Lair:4   | Noticed a five-headed hydra
 19628 | Lair:3   | Reached skill level 14 in Axes
 19628 | Lair:3   | Reached XP level 13. HP: 88/122 MP: 19/19
 19955 | Lair:4   | Reached skill level 5 in Conjurations
 20234 | Lair:4   | Reached skill level 5 in Spellcasting
 21601 | Lair:5   | Entered Level 5 of the Lair of Beasts
 22058 | Lair:5   | Reached XP level 14. HP: 96/130 MP: 22/22
 22143 | Lair:4   | Gained mutation: You are partially covered in iridescent
                  | scales. (AC +2) [potion of mutation]
 22143 | Lair:4   | Gained mutation: You have hidden genetic potential. [potion
                  | of mutation]
 22400 | Lair:5   | Reached skill level 15 in Axes
 22475 | Lair:5   | Found a staircase to the Slime Pits.
 22475 | Lair:5   | Found a viscous altar of Jiyva.
 24044 | Lair:5   | Killed from afar by an ice dragon

Illustrated notes

Levels and vault maps discovered:
D:1:      saegor_arrival_simple_b, layout_loops_corners
D:2:      layout_loops_ring, serial_shops, nicolae_shop_drivethru, shop,
          uniq_terence
D:3:      layout_basic, old_standard_altar, minmay_close_crescents
D:4:      layout_loops_ring, serial_shops, nicolae_shop_window_shopping
D:5:      layout_rooms, nicolae_uskayaw_murder_on_the_dancefloor
D:6:      layout_basic, minmay_temple_entry_water_ring
D:7:      layout_loops_ring, nicolae_hepliaklqana_monster_ancestors,
          uniq_duvessa
D:8:      layout_layer_cave, mainiacjoe_overflow_24_doors,
          nicolae_overflow_squiral, serial_shops, nicolae_shop_stone,
          serial_bayou_pond_a
D:9:      layout_loops_ring, erik_lair_island, hangedman_abyss_or_decor_passed,
          uniq_psyche
D:10:     layout_rooms, nicolae_sif_muna_little_library,
          grunt_temple_overflow_holy_war
D:11:     gammafunk_indiana_jones, layout_basic, serial_shops, shop,
          nicolae_shop_statue_plus, shop, dreamdust_princess_corridor,
          evilmike_minifort
Temple:   nicolae_temple_god_jail
Lair:1:   layout_loops_ring, gammafunk_ghost_cemetery,
          infiniplex_staircase_pool, uniq_gastronok
Lair:2:   layout_misc_corridors, guppyfry_snake_entry_island,
          serial_bayou_pond_e, serial_bayou_lake_a, grunt_megastairs_3
Lair:3:   layout_loops_ring, nicolae_swamp_entry_spooky, uniq_amaemon, uniq_urug
Lair:4:   regret_index_malice_mire, layout_regular_city, grunt_megastairs_1
Lair:5:   guppyfry_lair_end_dragon, layout_regular_city,
          hangedman_lair_tendril_chambers, nicolae_slime_entry_slimehenge

Skill      XL: |  1  2  3  4  5  6  7  8  9 10 11 12 13 14 |
---------------+-------------------------------------------+-----
Axes           | 3 4 5 6 8 10 11 13 14 15 | 15.3
Shields        | 4 5 6 7 8 9 10 11 12 | 12.2
Armour         | 4 5 6 7 8 9 10 11 12 | 12.3
Fighting       | 4 5 6 8 9 11 12 13 14 | 14.3
Conjurations   | 2 4 6 7 |  7.0
Spellcasting   | 2 4 5 6 |  6.4

Action                     |  1- 3 |  4- 6 |  7- 9 | 10-12 | 13-15 || total
---------------------------+-------+-------+-------+-------+-------++-------
  Melee: War axe           |    88 |   134 |    18 |       |       ||   240
         Broad axe         |       |       |   178 |   502 |   413 ||  1093
 Invoke: Slouch            |       |       |       |       |     1 ||     1
  Evoke: Wand              |       |       |    13 |    24 |     5 ||    42
         Phantom mirror    |       |       |       |     1 |     2 ||     3
    Use: Potion            |       |       |     5 |     5 |     3 ||    13
         Scroll            |       |       |    17 |    13 |     5 ||    35
   Stab: Invisible         |       |       |     4 |       |       ||     4
         Distracted        |       |       |       |       |     2 ||     2
 Armour: Scale mail        |    66 |       |       |       |       ||    66
         Chain mail        |     6 |    95 |   306 |   410 |       ||   817
         Plate armour      |       |       |       |   199 |   459 ||   658
  Dodge: Dodged            |    42 |    56 |   170 |   234 |   148 ||   650
  Block: Buckler           |    15 |    25 |    93 |   240 |   202 ||   575

Table legend: (Time is in decaauts)
 A = Elapsed time spent in this place.
 B = Non-inter-level travel time spent in this place.
 C = Inter-level travel time spent in this place.
 D = Time resting spent in this place.
 E = Time spent auto-exploring this place.
 F = Levels seen in this place.
 G = Mean time per level.
                   A        B        C        D        E       F      G
               +--------+--------+--------+--------+--------+-----+--------+
         Total |  30271 |  29282 |    989 |   7873 |  16814 |  17 | 1780.6 |
       Dungeon |  14581 |  13952 |    629 |   2674 |   9287 |  11 | 1325.5 |
        Temple |    143 |    122 |     21 |      0 |      0 |   1 |  143.0 |
          Lair |  15546 |  15208 |    338 |   5198 |   7527 |   5 | 3109.2 |
               +--------+--------+--------+--------+--------+-----+--------+

Top non-repeatable levels by time:
  Lair:1: 4276 daAuts
  Lair:5: 3298 daAuts
     D:8: 3189 daAuts
  Lair:3: 2838 daAuts
  Lair:4: 2568 daAuts
  Lair:2: 2565 daAuts
     D:9: 2548 daAuts
     D:6: 1456 daAuts
    D:10: 1332 daAuts
     D:5: 1221 daAuts
     D:7: 1038 daAuts
     D:1: 1030 daAuts
     D:3: 980 daAuts
     D:4: 904 daAuts
     D:2: 819 daAuts
